[Event "Titled Tuesday Blitz February 15 Late 2022"]
[White "Kujawski, Adam"]
[Black "Herrera Reyes, Jose Antonio"]
[WhiteFideId "1100920"]
[BlackFideId "2274914"]
[WhiteElo "2053"]
[BlackElo "2361"]
[Result "0-1"]
[Round "03"]
[TimeControl "180+1"]
[Date "2022.02.16"]
[WhiteClock "0:00:02"]
[BlackClock "0:01:27"]

1. e4 c5 2. Nf3 e6 3. d4 cxd4 4. Nxd4 a6 5. c4 Qc7 6. Nc3 b6 7. Bd3 Bb7 8. O-O d6 9. b3 Nf6 10. Bb2 Nbd7 11. Qe2 Be7 12. Bc2 Rc8 13. Rad1 Qb8 14. Bb1 h5 15. h3 g5 16. Rfe1 g4 17. h4 g3 18. f3 Ne5 19. Nd5 exd5 20. exd5 b5 21. f4 Nfg4 22. fxe5 dxe5 23. Bf5 f6 24. Bxg4 hxg4 25. Qxg4 bxc4 26. Nf5 Qa7+ 27. Kh1 Qf2 28. Rf1 Qxb2 29. Qg7 Rxh4+ 30. Nxh4 Qe2 31. d6 Bxd6 32. Qg8+ Kd7 33. Qf7+ Kc6 34. Rxd6+ Kxd6 35. Rxf6+ Kc5 36. Qe7+ Kd4 37. Qd6+ Kc3 0-1


[Site "https://www.chess.com"]

[Event "Titled Tuesday Blitz February 15 Late 2022"]
[White "Kushko, Dmitriy"]
[Black "Rorrer, Grayson"]
[WhiteFideId "14162261"]
[BlackFideId "30944996"]
[WhiteElo "2225"]
[BlackElo "2122"]
[Result "1-0"]
[Round "03"]
[TimeControl "180+1"]
[Date "2022.02.16"]
[WhiteClock "0:01:26"]
[BlackClock "0:01:37"]

1. Nf3 Nf6 2. g3 d5 3. Bg2 c6 4. O-O Bg4 5. h3 Bh5 6. d3 e6 7. Qe1 Be7 8. e4 O-O 9. Nc3 a5 10. Bf4 a4 11. a3 h6 12. e5 Nfd7 13. g4 Bg6 14. Bg3 b5 15. Ne2 c5 16. Nf4 Bh7 17. c4 g5 18. Nh5 Bxd3 19. cxd5 exd5 20. e6 Nf6 21. exf7+ Kh7 22. Ne5 Bxf1 23. Qb1+ 1-0


[Site "https://www.chess.com"]

[Event "Titled Tuesday Blitz February 15 Late 2022"]
[White "Lavrik, Dmitry"]
[Black "Mogranzini, Roberto"]
[WhiteFideId "24113190"]
[BlackFideId "810894"]
[WhiteElo "2369"]
[BlackElo "2469"]
[Result "1-0"]
[Round "03"]
[TimeControl "180+1"]
[Date "2022.02.16"]
[WhiteClock "0:00:08"]
[BlackClock "0:00:03"]

1. e4 c5 2. Nf3 e6 3. c3 Nf6 4. e5 Nd5 5. Bc4 d6 6. d4 cxd4 7. cxd4 Nb6 8. Bd3 dxe5 9. dxe5 Na6 10. Qe2 Nc5 11. Bc2 Nd5 12. a3 a5 13. Ng5 Be7 14. h4 Bd7 15. Nd2 Qc7 16. Ndf3 h6 17. Ne4 Nxe4 18. Bxe4 Nc3 19. bxc3 Qxc3+ 20. Qd2 Qxa1 21. O-O Bb5 22. Re1 O-O 23. Qf4 Rac8 24. Bd2 Qxa3 25. Qg4 Kh8 26. Qh5 f5 27. exf6 Rxf6 28. Ne5 Be8 29. Qg4 Qd6 30. Bf4 Rxf4 31. Qxf4 Rc5 32. Bb1 a4 33. Qe4 g6 34. Nxg6+ Kg7 35. Nf4 Rf5 36. Nxe6+ Qxe6 37. Qxe6 1-0


[Site "https://www.chess.com"]

[Event "Titled Tuesday Blitz February 15 Late 2022"]
[White "Lenderman, Aleksandr"]
[Black "Andreikin, Dmitry"]
[WhiteFideId "2021285"]
[BlackFideId "4158814"]
[WhiteElo "2651"]
[BlackElo "2736"]
[Result "0-1"]
[Round "03"]
[TimeControl "180+1"]
[Date "2022.02.15"]
[WhiteClock "0:00:31"]
[BlackClock "0:00:23"]

1. b3 e5 2. Bb2 Nc6 3. e3 Nf6 4. Nf3 e4 5. Nd4 Bc5 6. Nf5 O-O 7. c4 d5 8. cxd5 Nb4 9. Ng3 Nbxd5 10. Qc2 Qe7 11. Nc3 Nb4 12. Qb1 Re8 13. a3 Nc6 14. b4 Bd6 15. Be2 Be5 16. Ngxe4 Bf5 17. Nxf6+ Qxf6 18. Bd3 Bxd3 19. Qxd3 Rad8 20. Qc4 Bxh2 21. Rxh2 Qd6 22. Qh4 Qxd2+ 23. Kf1 Qxb2 24. Qxh7+ Kf8 25. Qh8+ Ke7 26. Qxg7 Qxa1+ 27. Ke2 Nd4+ 28. exd4 Qxc3 29. Rh3 Kd7+ 30. Re3 Rxe3+ 31. fxe3 Qc2+ 32. Kf3 Qf5+ 33. Ke2 Qg6 0-1


[Site "https://www.chess.com"]

[Event "Titled Tuesday Blitz February 15 Late 2022"]
[White "Levine, Joseph"]
[Black "Zierk, Steven"]
[WhiteFideId "30940346"]
[BlackFideId "2034255"]
[WhiteElo "1802"]
[BlackElo "2494"]
[Result "0-1"]
[Round "03"]
[TimeControl "180+1"]
[Date "2022.02.15"]
[WhiteClock "0:00:03"]
[BlackClock "0:00:08"]

1. e4 c5 2. Nf3 Nc6 3. d4 cxd4 4. Nxd4 Nf6 5. Nc3 e5 6. Ndb5 d6 7. Bg5 a6 8. Na3 b5 9. Nd5 Be7 10. Bxf6 Bxf6 11. c3 Bg5 12. Be2 O-O 13. Nc2 Rb8 14. O-O a5 15. g3 Ne7 16. f4 Nxd5 17. fxg5 Qb6+ 18. Rf2 Ne7 19. Qd2 Bb7 20. Bf3 Rfd8 21. Ne3 b4 22. cxb4 axb4 23. Rd1 Nc6 24. Nd5 Qd4 25. Qc1 Qa7 26. Bh5 Rd7 27. Rf1 Nd4 28. Kh1 Bxd5 29. exd5 Qb7 30. Qc4 g6 31. Bf3 Rc8 32. Qd3 Nxf3 33. Qxf3 Rc4 34. h4 Rd4 35. Rd1 e4 36. Qe2 Rxd5 37. Rxd5 Qxd5 38. Kh2 Qe6 39. a3 d5 40. axb4 d4 41. Rf6 Qe5 42. Qc2 Kg7 43. Qc8 Rc7 44. Qd8 e3 45. h5 gxh5 46. Rf4 e2 47. Qf6+ Qxf6 48. gxf6+ Kg6 49. Re4 d3 0-1


[Site "https://www.chess.com"]

[Event "Titled Tuesday Blitz February 15 Late 2022"]
[White "Li, Hui"]
[Black "Desideri, Ricardo Maruchi"]
[WhiteFideId "15400310"]
[BlackFideId "2110440"]
[WhiteElo "1954"]
[BlackElo "1945"]
[Result "1-0"]
[Round "03"]
[TimeControl "180+1"]
[Date "2022.02.16"]
[WhiteClock "0:00:05"]
[BlackClock "0:00:02"]

1. e4 c5 2. Nf3 d6 3. d4 cxd4 4. Nxd4 Nf6 5. Nc3 a6 6. Be2 e6 7. O-O b5 8. Bf3 Ra7 9. Be3 Rc7 10. Qe2 Nbd7 11. a4 b4 12. Na2 Ne5 13. Nxb4 Nxf3+ 14. Nxf3 a5 15. Nd3 Rc6 16. e5 Nd5 17. Rad1 Ba6 18. Rfe1 Be7 19. Nd4 Rc7 20. Qg4 Nxe3 21. Rxe3 O-O 22. c3 Bxd3 23. Rexd3 Qb8 24. h3 dxe5 25. Nf3 Bf6 26. Qe4 Rcc8 27. Nxe5 Qxe5 28. Qxe5 Bxe5 29. Re3 Bf6 30. g3 Rb8 31. Rd2 Rb3 32. Re4 Rfb8 33. g4 g6 34. g5 Bg7 35. Rc4 Rxb2 36. Rd7 1-0


[Site "https://www.chess.com"]

[Event "Titled Tuesday Blitz February 15 Late 2022"]
[White "Lin, Dachey"]
[Black "Le Goff, Ronan"]
[WhiteFideId "2029650"]
[BlackFideId "612073"]
[WhiteElo "2719"]
[BlackElo "2276"]
[Result "1-0"]
[Round "03"]
[TimeControl "180+1"]
[Date "2022.02.16"]
[WhiteClock "0:00:50"]
[BlackClock "0:00:02"]

1. g4 d5 2. Bg2 Bxg4 3. c4 c6 4. Qb3 Nf6 5. Qxb7 Nbd7 6. d4 e6 7. c5 Be7 8. Qxc6 O-O 9. Nf3 Bxf3 10. Bxf3 e5 11. e3 exd4 12. exd4 Re8 13. Be3 Rc8 14. Qa4 Bxc5 15. dxc5 Nxc5 16. Qd4 Ne6 17. Qxa7 d4 18. O-O dxe3 19. Rd1 e2 20. Bxe2 Nd5 21. Qa3 Nef4 22. Bf1 Rc6 23. Qf3 Rg6+ 24. Kh1 Qg5 25. Bc4 Nb6 26. Nd2 Nxc4 27. Nxc4 h5 28. Ne3 h4 29. Rg1 Qf6 30. Rxg6 fxg6 31. Rg1 g5 32. Nd5 Nxd5 33. Qxd5+ Kh8 34. Qxg5 Qf3+ 35. Qg2 Qxg2+ 36. Kxg2 Re2 37. Rb1 g5 38. h3 Kg7 39. a4 Rc2 40. a5 g4 41. hxg4 Kg6 42. a6 Kg5 43. a7 1-0


[Site "https://www.chess.com"]

[Event "Titled Tuesday Blitz February 15 Late 2022"]
[White "Loay, Sameer"]
[Black "Levine, David"]
[WhiteFideId "8104239"]
[BlackFideId "2011611"]
[WhiteElo "2040"]
[BlackElo "2161"]
[Result "1-0"]
[Round "03"]
[TimeControl "180+1"]
[Date "2022.02.16"]
[WhiteClock "0:00:39"]
[BlackClock "0:00:06"]

1. Nf3 Nf6 2. g3 g6 3. Bg2 Bg7 4. O-O O-O 5. d3 d6 6. e4 e5 7. c3 Nc6 8. Re1 Bg4 9. h3 Bxf3 10. Qxf3 Nd7 11. Qd1 Nc5 12. b4 Ne6 13. b5 Ne7 14. c4 c5 15. Nc3 f5 16. exf5 Nxf5 17. Nd5 Nfd4 18. h4 Qe8 19. Be3 Qf7 20. Rf1 Kh8 21. a4 Qf5 22. Ra2 h5 23. f4 exf4 24. Nxf4 Nxf4 25. Bxf4 Qd7 26. Kh2 Kh7 27. Raf2 a6 28. Be4 Nf5 29. b6 Rae8 30. Re2 Bh6 31. Bxh6 Kxh6 32. Qd2+ Kg7 33. Qg5 Re5 34. Ref2 Qe7 35. Qxe7+ Rxe7 36. Bxf5 gxf5 37. Rxf5 Rxf5 38. Rxf5 Kg6 39. Rg5+ Kh6 40. Rd5 Re2+ 41. Kh3 Ra2 42. Rxd6+ Kg7 43. Rd7+ Kg6 44. Rxb7 Rxa4 45. Ra7 Rb4 46. Rxa6 Rb3 47. b7+ Kf7 48. Rc6 Rxb7 49. Rxc5 Rd7 50. Rd5 1-0


[Site "https://www.chess.com"]

[Event "Titled Tuesday Blitz February 15 Late 2022"]
[White "Lopez Gracia, Fernando"]
[Black "Tanenbaum, Zachary"]
[WhiteFideId "2207184"]
[BlackFideId "2060850"]
[WhiteElo "2436"]
[BlackElo "2168"]
[Result "0-1"]
[Round "03"]
[TimeControl "180+1"]
[Date "2022.02.16"]
[WhiteClock "0:01:38"]
[BlackClock "0:01:33"]

1. c4 e5 2. Nc3 Nc6 3. Nf3 Nf6 4. e4 Bb4 5. d3 d6 6. Be2 Bg4 7. O-O Bxf3 8. Bxf3 O-O 9. Be2 Nd4 10. f4 Bc5 11. Kh1 c6 12. Na4 Bb4 13. a3 Ba5 14. b4 Bc7 15. fxe5 Nd7 16. exd6 Bxd6 17. Be3 Be5 18. Rc1 Qh4 19. Bg1 f5 20. Qe1 Bg3 21. Qxg3 Qxg3 22. hxg3 Nxe2 23. exf5 Nxc1 24. Rxc1 Rxf5 25. Re1 Rh5+ 26. Bh2 Nf6 0-1


[Site "https://www.chess.com"]

[Event "Titled Tuesday Blitz February 15 Late 2022"]
[White "Lopez Idarraga, Daniel Eduardo"]
[Black "Smith, Shreyas"]
[WhiteFideId "4405501"]
[BlackFideId "7400713"]
[WhiteElo "1993"]
[BlackElo "2129"]
[Result "0-1"]
[Round "03"]
[TimeControl "180+1"]
[Date "2022.02.16"]
[WhiteClock "0:00:08"]
[BlackClock "0:00:59"]

1. d4 d5 2. Nf3 Nf6 3. e3 c6 4. h3 Bf5 5. g4 Be4 6. Nbd2 h6 7. Nxe4 Nxe4 8. Bd3 Nd7 9. Bxe4 dxe4 10. Nd2 Nf6 11. c4 e6 12. Qc2 Qa5 13. b3 h5 14. Rg1 hxg4 15. hxg4 Rh2 16. Bb2 Qg5 17. Nxe4 Qxe3+ 18. fxe3 Rxc2 19. Nxf6+ gxf6 20. Rb1 Bb4+ 21. Kd1 Rd2+ 22. Kc1 Re2 23. a3 Bd6 24. Rh1 Ke7 25. Rh3 Rg8 26. Kd1 Rg2 27. b4 R8xg4 28. Bc3 Rg1+ 29. Be1 R4g2 30. Rf3 Bg3 0-1


[Site "https://www.chess.com"]

[Event "Titled Tuesday Blitz February 15 Late 2022"]
[White "Lugovskoy, Maxim"]
[Black "Abdrlauf, Elham"]
[WhiteFideId "24126454"]
[BlackFideId "1533533"]
[WhiteElo "2444"]
[BlackElo "2334"]
[Result "1-0"]
[Round "03"]
[TimeControl "180+1"]
[Date "2022.02.15"]
[WhiteClock "0:00:08"]
[BlackClock "0:00:02"]

1. e4 c6 2. d4 d5 3. Nc3 dxe4 4. Nxe4 Nf6 5. Ng3 g6 6. Nf3 Bg7 7. Be2 c5 8. O-O cxd4 9. Nxd4 O-O 10. c3 e5 11. Nb3 Qe7 12. Be3 Rd8 13. Qc2 Nc6 14. Rad1 Bg4 15. Bc5 Qe8 16. Bxg4 Nxg4 17. h3 Nf6 18. Ne4 Nxe4 19. Qxe4 Qe6 20. Be3 b6 21. Rfe1 f5 22. Qa4 Rd7 23. Rxd7 Qxd7 24. Bxb6 Rc8 25. Bc5 e4 26. Nd4 Qd5 27. Nxc6 Qxc5 28. Nb4 a5 29. Nc2 Qb6 30. Qb3+ Qxb3 31. axb3 Rb8 32. Ne3 Rxb3 33. Nc4 Bf6 34. Ra1 Bd8 35. g3 Kf7 36. Kf1 Ke6 37. Rd1 Bc7 38. Ke2 Rb8 39. h4 h6 40. Ra1 Kd5 41. Ne3+ Ke6 42. Nc4 g5 43. hxg5 hxg5 44. Rd1 Rh8 45. Nd2 Rh2 46. Nf1 Rh8 47. Nd2 Bb6 48. g4 Rh2 49. gxf5+ Kxf5 50. Nc4 Ba7 51. Rd7 Bb8 52. Ne3+ Ke6 53. Rb7 Bf4 54. Rb6+ Kd7 55. Rb5 a4 56. Ra5 Rh3 57. Nd5 Kd6 58. Nb4 Rh2 59. Nc2 Bg3 60. Ke3 Rxf2 61. Nd4 Rxb2 62. Nf5+ Kc6 63. Nxg3 Rb3 64. Nxe4 a3 65. Rxg5 Kb6 66. Rg8 Ka7 67. Rg7+ Ka6 68. Rg8 Ka7 69. Rg1 Kb6 70. Kd3 Rb2 71. Rg8 Ka7 72. Rg7+ Kb6 73. Rg1 Kb5 74. Nd6+ 1-0


[Site "https://www.chess.com"]

[Event "Titled Tuesday Blitz February 15 Late 2022"]
[White "Maghsoodloo, Parham"]
[Black "Papp, Petra"]
[WhiteFideId "12539929"]
[BlackFideId "739049"]
[WhiteElo "2630"]
[BlackElo "2259"]
[Result "1-0"]
[Round "03"]
[TimeControl "180+1"]
[Date "2022.02.16"]
[WhiteClock "0:00:25"]
[BlackClock "0:00:07"]

1. d4 d6 2. e4 Nf6 3. Nc3 e5 4. Nge2 Nbd7 5. h3 Be7 6. g4 O-O 7. Bg2 c6 8. a4 b6 9. O-O Bb7 10. f4 exf4 11. Bxf4 a6 12. Ng3 b5 13. Nf5 b4 14. Ne2 c5 15. d5 Ne5 16. Bxe5 dxe5 17. d6 Bxd6 18. Nxd6 Bc6 19. Ng3 Qc7 20. g5 Nd7 21. Ngf5 Nb6 22. Qg4 Kh8 23. a5 Na4 24. Nc4 Bb5 25. Nfd6 Rad8 26. Rad1 Nxb2 27. Nxf7+ Rxf7 28. Rxd8+ Qxd8 29. Rxf7 Nxc4 30. Qf5 Kg8 31. g6 h6 32. Rxg7+ Kxg7 33. Qf7+ Kh8 34. g7+ Kh7 35. g8=Q# 1-0


[Site "https://www.chess.com"]

[Event "Titled Tuesday Blitz February 15 Late 2022"]
[White "Martinez Alcantara, Jose Eduardo"]
[Black "Domingo Nunez, Alejandro"]
[WhiteFideId "3805662"]
[BlackFideId "22245561"]
[WhiteElo "2690"]
[BlackElo "2215"]
[Result "1-0"]
[Round "03"]
[TimeControl "180+1"]
[Date "2022.02.16"]
[WhiteClock "0:00:25"]
[BlackClock "0:00:11"]

1. e4 g6 2. d4 Bg7 3. c3 c6 4. Bd3 d5 5. Nd2 dxe4 6. Nxe4 Nf6 7. Nxf6+ exf6 8. Nf3 O-O 9. O-O Re8 10. Bf4 a5 11. h3 Na6 12. Re1 Be6 13. Qd2 Nc7 14. c4 Qd7 15. Rad1 Bf8 16. Qc2 b5 17. d5 cxd5 18. c5 d4 19. c6 Qd8 20. Bxc7 Qxc7 21. Nxd4 Bd5 22. Rxe8 Rxe8 23. Bxb5 Qf4 24. Ne2 Qg5 25. Ng3 Bxg2 26. c7 Qxb5 27. c8=Q Rxc8 28. Qxc8 Bf3 29. Rd8 Qb4 30. Qc3 Qe7 31. Rxf8+ Kxf8 32. Qxf3 h5 33. Kg2 f5 34. b3 Qg5 35. Kh2 Qd2 36. a4 Qd6 37. Kg2 Qb4 38. Ne2 Kg8 39. Nf4 Kh7 40. Nd5 Qd4 41. Nf4 Qg7 42. Qe3 Qh6 43. Nd5 Qf8 44. Qe7 Qg7 45. Nf6+ Kh6 46. Qe3+ g5 47. Qb6 Qg6 48. Nd5 f4 49. Qxg6+ Kxg6 50. b4 axb4 51. Nxb4 1-0


[Site "https://www.chess.com"]

[Event "Titled Tuesday Blitz February 15 Late 2022"]
[White "Matinian, Nikita"]
[Black "Suarez Uriel, Adrian"]
[WhiteFideId "24129100"]
[BlackFideId "22230874"]
[WhiteElo "2422"]
[BlackElo "2316"]
[Result "1-0"]
[Round "03"]
[TimeControl "180+1"]
[Date "2022.02.16"]
[WhiteClock "0:01:56"]
[BlackClock "0:01:51"]

1. e4 c5 2. Nc3 Nc6 3. Bb5 Nd4 4. Nf3 e6 5. O-O a6 6. Bd3 Nf6 7. e5 Nd5 8. Nxd5 exd5 9. Nxd4 cxd4 10. Qg4 Qb6 11. Re1 Qe6 12. Qxd4 Be7 13. c4 dxc4 14. Bxc4 Qg6 15. b3 O-O 16. Bb2 b5 17. Bd5 Rb8 18. Re3 d6 19. Rg3 dxe5 20. Qxe5 Bf6 21. Qxb8 Qf5 22. Bxf6 Qxf6 23. Re1 Be6 24. Qe5 1-0


[Site "https://www.chess.com"]

[Event "Titled Tuesday Blitz February 15 Late 2022"]
[White "Medeiros Jr, Francisco De Assis"]
[Black "Papayan, Oleg"]
[WhiteFideId "2114267"]
[BlackFideId "4193911"]
[WhiteElo "1998"]
[BlackElo "2038"]
[Result "1-0"]
[Round "03"]
[TimeControl "180+1"]
[Date "2022.02.16"]
[WhiteClock "0:00:50"]
[BlackClock "0:00:02"]

1. d4 Nf6 2. Nf3 d5 3. Bg5 c5 4. c3 Nc6 5. e3 Qb6 6. Qb3 c4 7. Qc2 Bf5 8. Qc1 Ne4 9. Bf4 f6 10. h3 g5 11. Bh2 h5 12. Nbd2 e6 13. g4 hxg4 14. hxg4 Nxd2 15. Nxd2 Bxg4 16. Bc7 Rxh1 17. Bxb6 axb6 18. Qc2 Bf5 19. e4 dxe4 20. Nxe4 O-O-O 21. O-O-O b5 22. d5 Rxf1 23. Rxf1 Rxd5 24. f3 Ne5 25. Qh2 Nd3+ 26. Kc2 Nc5 27. Qh8 Nxe4 28. fxe4 Bxe4+ 29. Kc1 Rd8 30. Rxf6 Be7 31. Qg7 Bxf6 32. Qxf6 Bf5 33. Qxg5 Rd5 34. Qe7 Kb8 35. b3 cxb3 36. axb3 Kc8 37. Kb2 Kb8 38. Ka3 Ka7 39. Kb4 Kb6 40. c4 bxc4 41. bxc4 Rd3 42. Qc5+ Ka6 43. Qa5# 1-0


[Site "https://www.chess.com"]

[Event "Titled Tuesday Blitz February 15 Late 2022"]
[White "Michelakos, Panagiotis"]
[Black "Grigorov, Grigor"]
[WhiteFideId "4216067"]
[BlackFideId "2907313"]
[WhiteElo "2140"]
[BlackElo "2510"]
[Result "0-1"]
[Round "03"]
[TimeControl "180+1"]
[Date "2022.02.15"]
[WhiteClock "0:00:02"]
[BlackClock "0:00:03"]

1. d4 Nf6 2. Bg5 d5 3. Bxf6 gxf6 4. c4 c5 5. cxd5 Qxd5 6. Nf3 cxd4 7. Nc3 Qa5 8. Nxd4 e6 9. Nb3 Qe5 10. g3 Nc6 11. Bg2 Bg7 12. O-O O-O 13. Qd3 Rd8 14. Qb5 Qxb5 15. Nxb5 f5 16. Rfd1 Rf8 17. Rd2 a6 18. Nd6 Rb8 19. Rc1 Rd8 20. Bxc6 bxc6 21. Rxc6 Bb7 22. Nxb7 Rxd2 23. Nxd2 Rxb7 24. Rc8+ Bf8 25. Nc4 Kg7 26. b3 Bb4 27. Ra8 Rd7 28. Rxa6 Rd1+ 29. Kg2 Re1 30. Kf3 Bc3 31. Ra7 Bd4 32. Rd7 e5 33. Nd6 Kf6 34. e3 e4+ 35. Kg2 Ke6 36. Rd8 Bf6 37. Nxf7 Bxd8 38. Nxd8+ Kd5 39. Nf7 Ra1 40. Ng5 h5 41. h4 Rxa2 42. Nh3 Ra8 43. Nf4+ Ke5 44. Nxh5 Rb8 45. Nf4 Rxb3 46. h5 Kf6 47. Kh3 Kg5 48. Kg2 Rb2 49. Kg1 Kg4 50. Kg2 Rb6 51. Kh2 Kf3 52. Kh3 Rb1 53. Kh4 Kxf2 54. h6 Rh1+ 55. Nh3+ Kg2 56. Kg5 Rxh3 57. Kxf5 Rxh6 58. g4 Kf3 59. g5 Rh5 0-1


[Site "https://www.chess.com"]

[Event "Titled Tuesday Blitz February 15 Late 2022"]
[White "Mikhailov, Viacheslav"]
[Black "Antolak, Julia"]
[WhiteFideId "4187369"]
[BlackFideId "1159569"]
[WhiteElo "2381"]
[BlackElo "2104"]
[Result "1-0"]
[Round "03"]
[TimeControl "180+1"]
[Date "2022.02.16"]
[WhiteClock "0:01:17"]
[BlackClock "0:00:25"]

1. Nf3 Nf6 2. g3 g6 3. Bg2 Bg7 4. O-O O-O 5. c4 d6 6. Nc3 c6 7. d3 e5 8. Bg5 Bg4 9. Ne4 Nbd7 10. Nxd6 Qc7 11. Ne4 Nxe4 12. dxe4 Nc5 13. Qc2 a5 14. Rad1 Ne6 15. Be3 Rfd8 16. h3 Bxf3 17. Bxf3 Rxd1 18. Rxd1 Rd8 19. Bg4 Nd4 20. Bxd4 Rxd4 21. e3 Rd8 22. Rxd8+ Qxd8 23. Qb3 b6 24. Qa4 Qd6 25. h4 h5 26. Bh3 Bf8 27. Bc8 Qc5 28. Bd7 Qb4 29. Qxb4 Bxb4 30. Bxc6 Kf8 31. Kf1 Ke7 32. Ke2 Kd6 33. Bb5 Ke7 34. a3 Bc5 35. f4 f6 36. Kf3 Bd6 37. Ba4 Kf7 38. Bb3 Bc5 39. Ba2 Kg7 40. Ke2 Kh7 41. Bb1 Kg7 42. Bc2 Kf7 43. Ba4 Ke7 44. Bc6 Kf7 45. Ba4 Ke7 46. Bd1 Kf7 47. Kd3 Kg7 48. f5 Kh6 49. fxg6 Kxg6 50. Ba4 Kf7 51. Bd1 Kg6 52. g4 hxg4 53. Bxg4 Kh6 54. h5 Kg5 55. Be2 Kh6 56. Kc3 Bxe3 57. b4 axb4+ 58. axb4 Kg7 59. c5 bxc5 60. b5 c4 61. Kxc4 Kf7 62. Kd5 Ke7 63. Bg4 Kd8 64. Ke6 Bg5 65. Kf7 Kc7 66. Kg6 Kb6 67. h6 Bxh6 68. Kxh6 Kxb5 69. Kg6 Kc4 70. Kxf6 Kd4 71. Bf5 1-0


[Site "https://www.chess.com"]

[Event "Titled Tuesday Blitz February 15 Late 2022"]
[White "Mikhailovsky, Vladimir"]
[Black "Tari, Aryan"]
[WhiteFideId "34105414"]
[BlackFideId "1510045"]
[WhiteElo "2371"]
[BlackElo "2567"]
[Result "1-0"]
[Round "03"]
[TimeControl "180+1"]
[Date "2022.02.15"]
[WhiteClock "0:00:45"]
[BlackClock "0:00:02"]

1. d4 d5 2. c4 e6 3. Nc3 c5 4. cxd5 cxd4 5. Qxd4 Nc6 6. Qa4 exd5 7. Nf3 Nf6 8. e3 Bb4 9. Bd2 O-O 10. Bb5 Bxc3 11. Bxc3 Ne4 12. Bxc6 bxc6 13. Qxc6 Bg4 14. Ne5 Rc8 15. Qa4 Be6 16. Bd4 f6 17. Nd3 Rc4 18. Qxa7 Bf5 19. O-O Qd6 20. f3 Nd2 21. Bc5 Qd7 22. Qxd7 Bxd7 23. Bxf8 Nxf1 24. Kxf1 Kxf8 25. Rc1 Bb5 26. Kf2 Ra4 27. Rc8+ Ke7 28. Nf4 Rxa2 29. Rc7+ Kd6 30. Rxg7 Rxb2+ 31. Kg3 h6 32. Rg6 Ke5 33. Rxh6 Rb3 34. Rh5+ f5 35. Rh6 1-0


[Site "https://www.chess.com"]

[Event "Titled Tuesday Blitz February 15 Late 2022"]
[White "Mladenovic, Stefan"]
[Black "Golubenko, Valentina"]
[WhiteFideId "942227"]
[BlackFideId "4501993"]
[WhiteElo "2355"]
[BlackElo "2164"]
[Result "1-0"]
[Round "03"]
[TimeControl "180+1"]
[Date "2022.02.16"]
[WhiteClock "0:00:23"]
[BlackClock "0:00:01"]

1. d4 g6 2. Nf3 Bg7 3. Bf4 c5 4. e3 cxd4 5. exd4 d6 6. h3 Nf6 7. c3 Nc6 8. Be2 O-O 9. O-O Re8 10. Bh2 d5 11. Nbd2 a6 12. Re1 b5 13. Qb3 Bf5 14. a4 bxa4 15. Qxa4 Bd7 16. Qa2 a5 17. Nb3 Ne4 18. Bd3 f5 19. Nc5 Nxc5 20. Qxd5+ e6 21. Qxc5 Rc8 22. Ba6 Bf8 23. Bd6 Bxd6 24. Qxd6 Rb8 25. d5 exd5 26. Qxd5+ Kg7 27. Rad1 Re7 28. Rxe7+ Qxe7 29. Qxd7 Qxd7 30. Rxd7+ Kf8 31. Rxh7 Rxb2 32. Bb7 1-0


[Site "https://www.chess.com"]

[Event "Titled Tuesday Blitz February 15 Late 2022"]
[White "Moral Garcia, Serafin"]
[Black "Al Mukhaini, Shima"]
[WhiteFideId "2201925"]
[BlackFideId "22005854"]
[WhiteElo "2228"]
[BlackElo "2383"]
[Result "1-0"]
[Round "03"]
[TimeControl "180+1"]
[Date "2022.02.16"]
[WhiteClock "0:00:23"]
[BlackClock "0:00:07"]

1. e4 d5 2. exd5 Nf6 3. Bb5+ Bd7 4. Bc4 Bg4 5. Nf3 Bc8 6. Nc3 Nbd7 7. d4 Nb6 8. Bb3 Nfxd5 9. Nxd5 Nxd5 10. c4 Nf6 11. h3 Bf5 12. O-O e6 13. Re1 Be7 14. Bg5 O-O 15. Qd2 c6 16. Rad1 Ne4 17. Bxe7 Nxd2 18. Bxd8 Nxf3+ 19. gxf3 Rfxd8 20. Kg2 Rd7 21. d5 exd5 22. cxd5 cxd5 23. Rxd5 Rxd5 24. Bxd5 Kf8 25. Rc1 Rd8 26. Bxb7 Rd2 27. Rc5 Rxb2 28. Rxf5 Rxb7 29. Ra5 Ke7 30. h4 Kd6 31. h5 h6 32. Kg3 Kc6 33. Ra4 Kb5 34. Rg4 f6 35. Re4 Kc6 36. Rg4 Kd6 37. Ra4 Ke6 38. Kg4 Kf7 39. f4 Rc7 40. f3 Rd7 41. f5 Rc7 42. Kf4 Re7 43. Ra5 Ke8 44. Ra4 Kd8 45. Re4 Kd7 46. Rb4 Kc6 47. Ra4 Kb5 48. Rd4 a5 49. Rd8 Ra7 50. Ke4 Re7+ 51. Kf4 Kb4 52. Rb8+ Ka3 53. Ra8 Re5 54. Ra7 Kxa2 55. Rxg7 a4 56. Rf7 a3 57. Rxf6 Rb5 58. Rxh6 Kb3 59. Rg6 a2 60. Rg1 Ka3 61. Ra1 Kb2 62. Rxa2+ Kxa2 63. h6 Kb3 64. h7 Rb8 65. Kg5 Kc4 66. f6 Kd5 67. Kg6 Ke6 68. Kg7 Rb7+ 69. Kg8 Rb8+ 70. Kg7 Rb7+ 71. Kg6 Rb8 72. f4 Rf8 73. f5+ Ke5 74. f7 Kd6 75. Kg7 Ke7 76. f6+ 1-0


[Site "https://www.chess.com"]

[Event "Titled Tuesday Blitz February 15 Late 2022"]
[White "Namitbir Singh Walia"]
[Black "Yang, Kaiqi"]
[WhiteFideId "35071068"]
[BlackFideId "8604398"]
[WhiteElo "1479"]
[BlackElo "2373"]
[Result "0-1"]
[Round "03"]
[TimeControl "180+1"]
[Date "2022.02.16"]
[WhiteClock "0:00:39"]
[BlackClock "0:01:19"]

1. e4 c5 2. Nf3 Nf6 3. Nc3 d5 4. exd5 Nxd5 5. Bc4 Nxc3 6. bxc3 e6 7. O-O Be7 8. a4 Nc6 9. Ba3 O-O 10. Qe2 b6 11. Bd3 Bb7 12. Be4 Qc7 13. Rab1 Rad8 14. Rfd1 h6 15. h3 Rfe8 16. d4 cxd4 17. Bxe7 Nxe7 18. cxd4 Bxe4 19. Qxe4 Nd5 20. Qe5 Qxc2 21. a5 Nc3 0-1


[Site "https://www.chess.com"]

[Event "Titled Tuesday Blitz February 15 Late 2022"]
[White "Nazaretyan, Tigran"]
[Black "Urbina Quiroz, Edwin"]
[WhiteFideId "24162345"]
[BlackFideId "6500650"]
[WhiteElo "2192"]
[BlackElo "2130"]
[Result "1-0"]
[Round "03"]
[TimeControl "180+1"]
[Date "2022.02.16"]
[WhiteClock "0:00:32"]
[BlackClock "0:00:01"]

1. d4 d5 2. c4 e6 3. Nf3 Nf6 4. Nc3 Be7 5. Bf4 O-O 6. e3 Nbd7 7. c5 c6 8. Bd3 b6 9. b4 a5 10. a3 Ba6 11. O-O Bxd3 12. Qxd3 Qc8 13. h3 Qb7 14. Rfb1 axb4 15. axb4 Rxa1 16. Rxa1 Ra8 17. Qb1 Bd8 18. Rxa8 Qxa8 19. Qa2 Qb7 20. g4 h6 21. Kg2 Bc7 22. Bxc7 Qxc7 23. Qa8+ Kh7 24. b5 bxc5 25. Qxc6 Ne8 26. dxc5 Qxc6 27. bxc6 Nxc5 28. Nb5 Na6 29. Ne5 Kg8 30. f4 Kf8 31. h4 Nac7 32. Nd4 Ke7 33. g5 h5 34. Kf3 f6 35. Nd3 Kd6 36. g6 Ke7 37. Nb4 Nd6 38. Ne2 e5 39. Ng3 exf4 40. exf4 Ke6 41. Nxh5 Nf5 42. Kg4 Nh6+ 43. Kh3 Nf5 44. Nd3 Kd6 45. Kg4 Nh6+ 46. Kg3 Nf5+ 47. Kg4 Nh6+ 48. Kh3 Nf5 49. Ng3 Nxg3 50. Kxg3 Kxc6 51. h5 Ne6 52. f5 Ng5 53. h6 gxh6 54. g7 Ne4+ 55. Kf4 1-0


[Site "https://www.chess.com"]

[Event "Titled Tuesday Blitz February 15 Late 2022"]
[White "Osmonbekov, Talaibek"]
[Black "Stoleriu, George"]
[WhiteFideId "2017253"]
[BlackFideId "1227505"]
[WhiteElo "2135"]
[BlackElo "2203"]
[Result "0-1"]
[Round "03"]
[TimeControl "180+1"]
[Date "2022.02.16"]
[WhiteClock "0:00:33"]
[BlackClock "0:01:36"]

1. d4 e6 2. Nc3 Nf6 3. e4 d5 4. e5 Nfd7 5. Nce2 c5 6. c3 Nc6 7. f4 cxd4 8. cxd4 Bb4+ 9. Bd2 Qb6 10. Nf3 f6 11. a3 Bxd2+ 12. Qxd2 Na5 13. Nc3 Nb3 14. Qd1 Nxa1 15. Qxa1 O-O 16. Bd3 fxe5 17. fxe5 Rxf3 18. gxf3 Qxd4 19. Qd1 Qe3+ 20. Qe2 Qxe2+ 21. Bxe2 Nxe5 22. f4 Nc6 23. Kd2 Bd7 24. Bg4 Ne7 25. Re1 Kf7 26. Ne2 Re8 27. Nd4 Nc6 28. Nb5 Kf6 29. Nd6 Rb8 30. Nb5 a6 31. Nc3 Ne7 32. Kd3 Re8 33. Re2 Ng6 34. Nxd5+ exd5 35. Bxd7 Nxf4+ 0-1


[Site "https://www.chess.com"]